 Dungeon Crawl Stone Soup version 0.16.1-2-g95b8d4c (webtiles) character file.

2097 ImaNewbie the Basher (level 9, -7/80 HPs)
             Began as a Troll Chaos Knight on Mar 26, 2015.
             Mangled by an orc warrior
             ... wielding a cursed -3 short sword
              (13 damage)
             ... on level 6 of the Dungeon.
             The game lasted 00:51:47 (4685 turns).

ImaNewbie the Basher (Troll Chaos Knight)           Turns: 4685, Time: 00:51:47

Health: -7/80      AC:  9    Str: 25    XL:     9   Next: 7%
Magic:  4/4        EV: 12    Int:  8    God:    Xom [.*....]
Gold:   286        SH:  0    Dex: 11    Spells: 0 memorised, 8 levels left

rFire  . . .     SeeInvis .     a - +0 mace (chaos) (curse)
rCold  + . .     Clarity  +     b - +2 robe (curse)
rNeg   . . .     SustAb   .     (shield restricted)
rPois  .         Gourm    +     (helmet restricted)
rElec  .         Spirit   .     C - +1 cloak of the Dozen Wonders {Stlth+}
rCorr  .         Warding  .     (gloves unavailable)
rMut   .         Stasis   .     (boots unavailable)
MR     +....                    (no amulet)
Stlth  +++.......               (no ring)
                                (no ring)

@: somewhat resistant to hostile enchantments, fairly stealthy
A: unfitting armour, claws 3, talons 1, thin skeletal structure 1, clarity, cold
resistance 1, fast metabolism 3, gourmand, magic resistance 1, regeneration 2,
shaggy fur 1, tough skin 2
a: Renounce Religion


You were on level 6 of the Dungeon.
You worshipped Xom.
You were a plaything of Xom.
You were full.

You visited 1 branch of the dungeon, and saw 6 of its levels.
You also visited: Ossuary.

You collected 286 gold pieces.

Inventory:

Hand weapons
 a - a cursed +0 mace of chaos (weapon)
 o - a cursed +0 blowgun
 E - a +0 flail of holy wrath
Missiles
 p - 22 poisoned needles
Armour
 b - a cursed +2 robe (worn)
 y - a +0 cloak
 C - the +1 cloak of the Dozen Wonders (worn) {Stlth+}
   (You found it on level 5 of the Dungeon)

   It makes you more stealthy.
 I - a +1 robe of positive energy
Magical devices
 m - a wand of slowing (35)
 B - a wand of fire (8)
 D - a wand of digging (1)
Scrolls
 e - a scroll of enchant weapon {unknown}
 f - 5 scrolls of remove curse {unknown}
 g - 10 scrolls of identify {unknown}
 h - a scroll of teleportation {unknown}
 l - a scroll of enchant armour {unknown}
 n - 2 scrolls of fear {unknown}
 s - a scroll of vulnerability {unknown}
 F - a scroll of noise {unknown}
Potions
 d - 6 potions of curing {unknown}
 i - 3 potions of agility
 k - a potion of cure mutation {unknown}
 q - a potion of poison {unknown}
 r - a potion of restore abilities {unknown}
 t - 2 potions of invisibility {unknown}
 u - 2 potions of might
 v - a potion of degeneration {unknown}
 x - a potion of haste {unknown}
 G - a potion of resistance {unknown}
Comestibles
 c - 5 meat rations
 j - 3 fruits
 w - a royal jelly
 z - 2 slices of pizza
 A - a bread ration
 H - a beef jerky


   Skills:
 - Level 2.4 Fighting
 + Level 9.4 Maces & Flails
 - Level 1.5 Armour
 + Level 5.6 Dodging


You had 8 spell levels left.
You didn't know any spells.

Dungeon Overview and Level Annotations

Branches:
Dungeon (6/15)             Temple (0/1) D:6

Altars:
Ashenzari
Cheibriados
Elyvilon
Fedhas
Okawaru
Vehumet
Xom
Yredelemnul
The Shining One

Annotations:
D:6 Dowan, Duvessa


Innate Abilities, Weirdness & Mutations

You are too large for most types of armour.
You have claws for hands.
Your metabolism is lightning-fast.
You like to eat raw meat.
You heal very quickly.
You are covered in fur (AC +1).
You have very tough skin (AC +2).
You have sharp toenails.
You have a somewhat thin skeletal structure (Dex +2, Stealth).
You possess an exceptional clarity of mind.
Your flesh is cold resistant.
You are resistant to hostile enchantments.


Message History

The orc warrior hits you with a short sword!
* * * LOW HITPOINT WARNING * * *
Dowan hisses, "Insulting my beauty only makes me fight harder!"
Dowan casts a spell at Duvessa.
Duvessa seems to speed up.
The orc warrior hits you with a short sword!
* * * LOW HITPOINT WARNING * * *
Dowan mumbles some strange words.
Dowan blinks!
The orc warrior closely misses you.
Dowan zaps a wand.
You resist with almost no effort.
The orc warrior hits you with a short sword.
* * * LOW HITPOINT WARNING * * *
Dowan completely misses you.
There is a staircase to the Ecumenical Temple here.
You feel yourself speed up.
The orc warrior is no longer unusually resistant.
The orc warrior hits you with a short sword!
You die...
Xom snickers!

#.........### ##...## .
##....(...## #.....# ..
#.........# ##.....## ..#
###...###.# ##.......##
...### ##### #.#
##.(####...## ...).##
###'####..## ##.... ......##
#.....#..## ##>.< .......###
###.e.⌠.#.## #...
##....§..###e'5o@..'.# #...
###.....(..o#.o.⌠.### #...
##.....(..#.....# ##...
#........###+##### #....
##...§........§..#### #....
#........#####.....#####....
#.......## ###.....##....)
#......## ###....##....
#.....## ##...####..


You could see Duvessa, an orc warrior, Dowan, a crimson imp and 2 orcs.

Vanquished Creatures
  Edmund (D:5)
  An ogre (D:4)
  A centaur (D:4)
  Sigmund (D:5)
  The ghost of ghwc the Ducker, an average KoWn of Okawaru (D:3)
  2 giant frogs (D:6)
  9 scorpions
  5 killer bees (D:5)
  A crimson imp (D:5)
  A centaur skeleton (D:4)
  2 hounds
  4 centaur zombies (Ossuary)
  Crazy Yiuf (D:5)
  An iron imp (D:5)
  2 orc wizards (D:6)
  2 iguanas
  Natasha (D:5)
  A worker ant (D:4)
  Ijyb (D:2)
  A big kobold zombie (Ossuary)
  Terence (D:3)
  2 hound skeletons (D:4)
  4 mummies
  Robin (D:4)
  2 gnolls
  4 scorpion zombies (Ossuary)
  6 adders
  A gnoll (shapeshifter) (D:5)
  A shadow imp (D:5)
  A worm (D:2)
  An adder skeleton (D:5)
  An adder zombie (D:5)
  An ooze (D:2)
  15 orcs
  2 ball pythons (D:2)
  18 bats
  2 giant cockroaches
  2 gnoll zombies (Ossuary)
  22 goblins
  15 hobgoblins
  4 jackals
  11 kobolds
  A giant cockroach zombie (D:5)
  2 giant geckos
  5 giant newts
  A goblin skeleton (D:5)
  3 goblin zombies
  5 hobgoblin zombies
  A kobold skeleton (D:5)
  5 kobold zombies
  4 orc zombies
  A rat (shapeshifter) (D:4)
  9 rats
193 creatures vanquished.

Vanquished Creatures (collateral kills)
  A killer bee (D:5)
  A giant newt (D:1)
2 creatures vanquished.

Vanquished Creatures (others)
  A scorpion (Ossuary)
  A quasit (D:5)
  A bat (D:6)
  A kobold zombie (D:1)
  A butterfly (Ossuary)
5 creatures vanquished.

Grand Total: 200 creatures vanquished

Notes
Turn   | Place    | Note
--------------------------------------------------------------
     0 | D:1      | ImaNewbie, the Troll Chaos Knight, began the quest for the Orb.
     0 | D:1      | Reached XP level 1. HP: 22/22 MP: 1/1
    15 | D:1      | Reached skill level 1 in Dodging
    45 | D:1      | XOM: divination: detect items
    90 | D:1      | Reached XP level 2. HP: 23/29 MP: 1/1
    96 | D:1      | Reached skill level 3 in Maces & Flails
   303 | D:1      | XOM: smoke on damage
   383 | D:2      | Reached XP level 3. HP: 36/36 MP: 2/2
   395 | D:2      | Noticed Ijyb
   406 | D:2      | Killed Ijyb
   705 | D:2      | XOM: colour smoke trail
   850 | D:2      | Reached XP level 4. HP: 35/44 MP: 2/2
   869 | D:2      | Found a blossoming altar of Fedhas.
  1052 | D:3      | Noticed Terence
  1057 | D:3      | Noticed ghwc's ghost (average KoWn)
  1061 | D:3      | Killed Terence
  1061 | D:3      | Reached skill level 4 in Maces & Flails
  1067 | D:3      | XOM: give mutations
  1067 | D:3      | Gained mutation: You have a somewhat thin skeletal structure (Dex +2, Stealth). [Xom's grace]
  1067 | D:3      | Gained mutation: You possess an exceptional clarity of mind. [Xom's grace]
  1067 | D:3      | Gained mutation: You have sharp toenails. [Xom's grace]
  1067 | D:3      | Gained mutation: You are resistant to hostile enchantments. [Xom's grace]
  1076 | D:3      | XOM: potion effect (curing)
  1084 | D:3      | Killed ghwc's ghost
  1084 | D:3      | Reached XP level 5. HP: 17/50 MP: 2/2
  1151 | D:3      | XOM: give mutation
  1151 | D:3      | Gained mutation: Your flesh is cold resistant. [Xom's grace]
  1159 | D:3      | XOM: 4-stop teleportation journey
  1229 | D:3      | Found a snail-covered altar of Cheibriados.
  1290 | D:3      | Reached skill level 5 in Maces & Flails
  1306 | D:3      | XOM: 5-stop teleportation journey
  1320 | D:3      | XOM: scenery: create altars
  1626 | D:3      | Found a white marble altar of Elyvilon.
  1687 | D:3      | Reached XP level 6. HP: 59/59 MP: 3/3
  1740 | D:4      | Noticed Robin
  1777 | D:4      | Reached skill level 6 in Maces & Flails
  1783 | D:4      | Killed Robin
  1797 | D:4      | Found a radiant altar of Vehumet.
  2002 | D:4      | Found a sand-covered staircase.
  2003 | D:4      | XOM: potion effect (agility)
  2030 | Ossuary  | Entered an ossuary
  2090 | Ossuary  | Reached XP level 7. HP: 62/66 MP: 3/3
  2122 | Ossuary  | XOM: enchant monster (good)
  2151 | Ossuary  | XOM: silly message
  2154 | Ossuary  | XOM: cast spell 'Blink'
  2162 | Ossuary  | XOM: fog
  2179 | Ossuary  | Reached skill level 7 in Maces & Flails
  2315 | Ossuary  | XOM: butterfly on damage
  2321 | Ossuary  | XOM: potion effect (heal wounds)
  2330 | Ossuary  | XOM: potion effect (invisibility)
  2333 | Ossuary  | XOM: harmless Necr miscast
  2335 | Ossuary  | XOM: cast spell 'Stoneskin'
  2384 | Ossuary  | Reached skill level 8 in Maces & Flails
  2603 | D:4      | Reached XP level 8. HP: 70/74 MP: 3/3
  2619 | D:4      | XOM: confuse monster(s)
  2697 | D:4      | XOM: colour smoke trail
  2790 | D:4      | XOM: smoke on damage
  2795 | D:4      | Found a basalt altar of Yredelemnul.
  3011 | D:5      | Entered Level 5 of the Dungeon
  3122 | D:5      | Noticed Crazy Yiuf
  3128 | D:5      | Killed Crazy Yiuf
  3225 | D:5      | Got a smoking cloak
  3236 | D:5      | Identified the +1 cloak of the Dozen Wonders {Stlth+} (You found it on level 5 of the Dungeon)
  3245 | D:5      | Noticed Edmund
  3260 | D:5      | XOM: silly message
  3280 | D:5      | XOM: enchant monster (good)
  3301 | D:5      | Killed Edmund
  3381 | D:5      | XOM: mild Tloc miscast
  3403 | D:5      | XOM: blink monster(s)
  3408 | D:5      | XOM: summons 2 friendly demons
  3636 | D:5      | Reached skill level 9 in Maces & Flails
  3651 | D:5      | Noticed Natasha
  3660 | D:5      | Killed Natasha
  3696 | D:5      | Reached skill level 5 in Dodging
  3734 | D:5      | XOM: enchant monster (bad)
  3749 | D:5      | XOM: severe Fire miscast
  3763 | D:5      | XOM: silly message
  3857 | D:5      | XOM: mild Air miscast
  3890 | D:5      | Found a glowing golden altar of the Shining One.
  3968 | D:5      | Noticed Sigmund
  3980 | D:5      | XOM: butterfly on damage
  3984 | D:5      | Killed Sigmund
  4271 | D:5      | XOM: silly message
  4355 | D:6      | Found a staircase to the Ecumenical Temple.
  4444 | D:6      | XOM: divination: detect items
  4453 | D:6      | Reached XP level 9. HP: 74/80 MP: 4/4
  4465 | D:6      | XOM: mild Erth miscast
  4473 | D:6      | XOM: enchant monster (bad)
  4535 | D:6      | Found an iron altar of Okawaru.
  4538 | D:6      | Found a shattered altar of Ashenzari.
  4541 | D:6      | XOM: silly message
  4593 | D:6      | XOM: enchant monster (bad)
  4657 | D:6      | Noticed Duvessa
  4658 | D:6      | Noticed Dowan
  4671 | D:6      | XOM: enchant monster (bad)
  4685 | D:6      | Mangled by an orc warrior

Action                   |  1- 3 |  4- 6 |  7- 9 || total
-------------------------+-------+-------+-------++-------
Melee: Mace              |   111 |   188 |   419 ||   718
 Stab: Paralysed         |     3 |       |     3 ||     6
       Sleeping          |       |     2 |     4 ||     6
       Petrifying        |       |     2 |       ||     2
       Invisible         |       |       |     3 ||     3
       Distracted        |       |       |     1 ||     1
  Eat: Chunk             |     7 |    16 |    23 ||    46
